 Dungeon Crawl Stone Soup version 0.28.0-1-gb440e238dd (webtiles) character file.

Game seed: 8262710132946735232

29447 CrazyMind the Destroyer (level 13, 0/107 HPs)
             Began as a Green Draconian Conjurer on Feb 20, 2022.
             Was an Elder of Vehumet.
             Slain by a polar bear (1 damage)
             ... on level 5 of the Lair of Beasts on Feb 23, 2022.
             The game lasted 02:04:36 (25473 turns).

CrazyMind the Destroyer (Green Draconian Conjurer) Turns: 25473, Time: 02:04:38

Health: 0/107      AC: 12    Str: 11    XL:     13   Next: 15%
Magic:  18/28      EV: 14    Int: 22    God:    Vehumet [****..]
Gold:   823        SH:  0    Dex: 10    Spells: 11/35 levels left

rFire   + . .      SeeInvis .   w - staff of earth
rCold   + . .      Faith    .   (no shield)
rNeg    . . .      Spirit   .   (armour unavailable)
rPois   +          Reflect  .   C - +2 hat
rElec   .          Harm     .   (no cloak)
rCorr   .          Rampage  .   l - +0 pair of gloves
Will    .....                   Q - +0 pair of boots
Stlth   ++........              U - amulet of magic regeneration
HPRegen 0.27/turn               K - ring of protection from cold
MPRegen 0.61/turn               E - ring of protection from fire

@: studying Fighting
A: breathe noxious fumes, AC +8, unfitting armour, poison resistance,
cold-blooded
a: Breathe Noxious Fumes, Renounce Religion


You were on level 5 of the Lair of Beasts.
You worshipped Vehumet.
Vehumet was greatly pleased with you.
You visited 3 branches of the dungeon, and saw 17 of its levels.

You collected 966 gold pieces.
You spent 143 gold pieces at shops.

Inventory:

Missiles
 d - 3 atropa-tipped darts
 m - 5 boomerangs of dispersal
 o - 22 poisoned darts (quivered)
 t - 3 silver boomerangs
 N - a throwing net
Armour
 l - a +0 pair of gloves (worn)
 C - a +2 hat (worn)
 Q - a +0 pair of boots (worn)
Magical Staves
 w - a staff of earth (weapon)
Jewellery
 a - a ring of flight
 E - a ring of protection from fire (right hand)
 K - a ring of protection from cold (left hand)
 R - a +4 ring of evasion
 U - an amulet of magic regeneration (around neck)
Wands
 b - a wand of paralysis (8)
 A - a wand of charming (2)
 D - a wand of flame (12)
 F - a wand of polymorph (5)
 G - a wand of acid (8)
 H - a wand of mindburst (24)
 P - a wand of digging (4)
Scrolls
 c - a scroll of identify
 g - 2 scrolls of magic mapping
 n - 3 scrolls of blinking
 s - 2 scrolls of fear
 y - 2 scrolls of fog {unknown}
 B - 3 scrolls of teleportation
 M - 2 scrolls of summoning
 O - a scroll of brand weapon {unknown}
Potions
 h - 5 potions of heal wounds
 i - a potion of attraction
 k - 3 potions of haste
 p - a potion of flight
 q - 4 potions of resistance
 r - 2 potions of might
 u - 5 potions of curing
 v - 2 potions of mutation
 x - a potion of magic
 z - a potion of lignification
 L - a potion of ambrosia {unknown}
 S - a potion of invisibility {unknown}
Miscellaneous
 T - a phial of floods


   Skills:
 + Level 8.0 Fighting
 - Level 1.0 Throwing
 + Level 8.7 Dodging
 - Level 1.7 Stealth
 * Level 11.9 Spellcasting
 + Level 12.8 Conjurations
 - Level 3.0 Hexes
 * Level 8.7 Earth Magic


You had 11 spell levels left.
You knew the following spells:

 Your Spells              Type           Power      Damage    Failure   Level
a - Magic Dart            Conj           100%       1d8       1%          1
b - Searing Ray           Conj           100%       2d8       1%          2
c - Dazzling Flash        Conj/Hex       96%        N/A       1%          3
d - Passwall              Tmut/Erth      40%        N/A       1%          2
e - Fulminant Prism       Conj/Hex       24%        3d13      1%          4
f - Iskenderun's Mystic   Conj/Tloc      41%        2d9       1%          4
g - Stone Arrow           Conj/Erth      100%       3d13      1%          3
h - Lee's Rapid Deconstr  Erth           33%        3d18*     1%          5

Your spell library contained the following spells:

 Spells                   Type           Power      Damage    Failure   Level
 Conjure Flame            Conj/Fire      41%        6-21      1%          3
 Sandblast                Erth           100%       2d20      1%          1
 Static Discharge         Conj/Air       41%        N/A       1%          2
 Flame Wave               Conj/Fire      41%        2d9       1%          4
 Scorch                   Fire           26%        2d6       2%          2
 Lightning Bolt           Conj/Air       20%        1d35      2%          5
 Animate Skeleton         Necr           26%        N/A       4%          1
 Apportation              Tloc           26%        N/A       4%          1
 Pain                     Necr           52%        1d6       4%          1
 Ensorcelled Hibernation  Hex/Ice        38%        N/A       4%          2
 Frozen Ramparts          Ice            26%        1d4       4%          3
 Leda's Liquefaction      Hex/Erth       27%        N/A       4%          4
 Swiftness                Air            13%        N/A       16%         3
 Vampiric Draining        Necr           13%        2d6       16%         3
 Animate Dead             Necr           6%         N/A       45%         4
 Ice Form                 Ice/Tmut       13%        N/A       45%         4
 Summon Ice Beast         Ice/Summ       13%        N/A       45%         4
 Statue Form              Tmut/Erth      32%        N/A       77%         6
 Alistair's Intoxication  Tmut/Pois      8%         N/A       80%         5
 Summon Cactus Giant      Summ           6%         N/A       100%        6
 Haunt                    Necr/Summ      6%         N/A       100%        7
 Infestation              Necr           6%         N/A       100%        8
 Maxwell's Capacitive Co  Air            6%         ∞         100%        8


Dungeon Overview and Level Annotations

Branches:
Dungeon (10/15)            Temple (1/1) D:5            Lair (6/6) D:10
  Swamp (0/4) Lair:3        Snake (0/4) Lair:2
  Slime: Lair:5-6       Orc: D:9-12

Altars:
Ashenzari
Cheibriados
Dithmenos
Elyvilon
Fedhas
Gozag
Hepliaklqana
Kikubaaqudgha
Makhleb
Nemelex Xobeh
Okawaru
Qazlal
Ru
Sif Muna
Trog
Uskayaw
Vehumet
Wu Jian
Xom
Yredelemnul
Zin
The Shining One

Shops:
D:5 !   D:7 *

Annotations:
Lair:2 exclusion: electric eel


Innate Abilities, Weirdness & Mutations

You can breathe blasts of noxious fumes.
Your lurid green scales are hard. (AC +8)
You cannot fit into any form of body armour.
Your system is resistant to poisons. (rPois)
You are cold-blooded and may be slowed by cold attacks.


Message History

Casting: Fulminant Prism (mildly dangerous; 1% risk of failure)
Confirm with . or Enter, or press ? or * to list all spells.
Aiming: Stone Arrow (safe; 1% risk of failure)
Press: ? - help, Shift-Dir - straight line You feel a surge of power!
The stone arrow misses the polar bear.
The polar bear bites you!
* * * LOW HITPOINT WARNING * * *
The polar bear barely misses you. The polar bear completely misses you.
The polar bear bites you!
* * * LOW HITPOINT WARNING * * *
The polar bear barely misses you. The polar bear misses you.
Casting: Stone Arrow (safe; 1% risk of failure)
Confirm with . or Enter, or press ? or * to list all spells.
Aiming: Stone Arrow (safe; 1% risk of failure)
Press: ? - help, Shift-Dir - straight line, f - polar bear
Aim: a polar bear (severely wounded, berserk, 84% to hit)
You feel a surge of power!
The stone arrow hits the polar bear!
The polar bear is almost dead.
The polar bear completely misses you.
The polar bear claws you but does no damage. x2
Casting: Stone Arrow (safe; 1% risk of failure)
Confirm with . or Enter, or press ? or * to list all spells.
Aiming: Stone Arrow (safe; 1% risk of failure)
Press: ? - help, Shift-Dir - straight line, f/p - polar bear
Aim: a polar bear (almost dead, berserk, 84% to hit)
You feel a surge of power!
The stone arrow misses the polar bear.
The polar bear completely misses you.
The polar bear claws you but does no damage. x2
The polar bear completely misses you.
The polar bear claws you but does no damage. x2
Casting: Stone Arrow (safe; 1% risk of failure)
Confirm with . or Enter, or press ? or * to list all spells.
Aiming: Stone Arrow (safe; 1% risk of failure)
Press: ? - help, Shift-Dir - straight line, f/p - polar bear
Aim: a polar bear (almost dead, berserk, 84% to hit)
You feel a surge of power!
The stone arrow misses the polar bear.
The polar bear bites you!
* * * LOW HITPOINT WARNING * * *
The polar bear claws you.
You die...

#......# #
##....#.### #
#...###...# #
###.###...##
###...##....#
##P...##...###
#..P..####.# #.P####
#..# #####.## ##@#
##......# #h###
#P......# #÷#.#
##.##.### ##..##
##...### ##....#
....#.###### #P.÷#.#
.#.^.##.##.# ##....#
.....#..#..###.#..##
................>.#


You could see a polar bear (berserk).

Vanquished Creatures
  Snorg (Lair:4)
  7 hydras
  2 boulder beetles
  3 two-headed ogres
  A fire crab (Lair:5)
  3 lindwurms (Lair:1)
  2 oklob plants
  A manticore (D:7)
  A cyclops (D:6)
  3 black mambas
  A guardian serpent (Lair:4)
  4 rime drakes
  10 cane toads
  7 komodo dragons
  A troll (D:10)
  A polar bear (Lair:3)
  Prince Ribbit (D:8)
  A blink frog (Lair:5)
  A dream sheep (Lair:4)
  7 wyverns
  A shadow (D:5)
  A wraith (D:9)
  2 basilisks (Lair:4)
  13 yaks
  2 steam dragons
  A naga (Lair:2)
  3 acid dragons
  9 water moccasins
  2 black bears
  5 sky beasts
  A necrophage (D:4)
  3 ogres
  3 centaurs
  2 phantoms
  9 wolves
  3 kobold brigands
  16 bullfrogs
  A gnoll sergeant (D:5)
  10 killer bees
  A howler monkey (D:9)
  A centaur zombie (D:9)
  4 jellies
  3 bullfrog zombies
  4 bullfrog skeletons
  7 orc priests
  3 centaur skeletons
  3 hounds
  6 iguanas
  6 orc wizards
  A killer bee zombie (D:5)
  3 hound skeletons
  A howler monkey zombie (D:7)
  7 gnolls
  5 adders
  2 white imps
  An ufetubus (D:4)
  A worm (D:2)
  3 dart slugs
  30 orcs
  5 bats
  23 endoplasms
  3 giant cockroaches
  6 goblins
  6 hobgoblins
  5 jackals (D:2)
  10 ball pythons
  4 frilled lizards
  18 kobolds
  4 rats
  A butterfly (Lair:3)
  A fulminant prism (D:8)
323 creatures vanquished.

Vanquished Creatures (others)
  72 fulminant prisms
  36 fungi
  36 plants
144 creatures vanquished.

Grand Total: 467 creatures vanquished

Notes
Turn   | Place    | Note
-------+----------+-------------------------------------------
     0 | D:1      | CrazyMind the Draconian Conjurer began the quest for the
                  | Orb.
     0 | D:1      | Reached XP level 1. HP: 14/14 MP: 3/3
   364 | D:1      | Reached XP level 2. HP: 20/20 MP: 1/5
   367 | D:1      | Learned a level 2 spell: Searing Ray
   790 | D:1      | Found a faded altar of an unknown god.
  1470 | D:2      | Reached XP level 3. HP: 26/26 MP: 3/6
  1738 | D:2      | Learned a level 3 spell: Dazzling Flash
  1866 | D:2      | Reached skill level 5 in Conjurations
  2120 | D:2      | Reached XP level 4. HP: 33/33 MP: 4/7
  3609 | D:3      | Reached XP level 5. HP: 35/38 MP: 0/9
  4435 | D:4      | Reached skill level 6 in Conjurations
  5266 | D:4      | Reached XP level 6. HP: 35/45 MP: 1/11
  5539 | D:5      | Entered Level 5 of the Dungeon
  5586 | D:5      | Found a burning altar of Makhleb.
  5780 | D:5      | Found a staircase to the Ecumenical Temple.
  5789 | Temple   | Entered the Ecumenical Temple
  5999 | Temple   | Became a worshipper of Vehumet
  6093 | D:4      | Your scales start taking on a lurid green colour.
  6093 | D:4      | Reached XP level 7. HP: 40/50 MP: 8/13
  6093 | D:4      | Gained mutation: Your system is resistant to poisons.
                  | (rPois) [Green Draconian growth]
  6517 | D:5      | Reached skill level 7 in Conjurations
  6715 | D:4      | Reached skill level 1 in Fighting
  6715 | D:4      | Reached skill level 5 in Spellcasting
  7162 | D:5      | Reached XP level 8. HP: 59/59 MP: 6/15
  7220 | D:5      | Found Otec's Distillery.
  7223 | D:5      | Bought a potion of curing for 39 gold pieces
  7223 | D:5      | Bought a potion of mutation for 104 gold pieces
  7440 | D:6      | Learned a level 2 spell: Passwall
  7668 | D:6      | Reached skill level 1 in Earth Magic
  8130 | D:6      | Reached * piety under Vehumet
  8130 | D:6      | Offered knowledge of Shock by Vehumet.
  8261 | D:5      | Reached skill level 8 in Conjurations
  8371 | D:5      | Learned a level 4 spell: Fulminant Prism
  8376 | D:5      | Learned a level 4 spell: Iskenderun's Mystic Blast
  8471 | D:6      | Noticed a two-headed ogre
  8717 | D:6      | Noticed a cyclops
  8860 | D:6      | Killed a two-headed ogre
  8861 | D:6      | Reached skill level 5 in Dodging
  8861 | D:6      | Reached XP level 9. HP: 21/71 MP: 11/19
  9139 | D:6      | Killed a cyclops
  9587 | D:7      | Reached skill level 9 in Conjurations
  9655 | D:7      | Noticed a manticore
 10329 | D:7      | Killed a manticore
 10442 | D:7      | Found Biellyzxi's General Store.
 11426 | D:8      | Reached skill level 5 in Fighting
 11426 | D:8      | Reached XP level 10. HP: 66/81 MP: 13/22
 11857 | D:8      | Offered knowledge of Static Discharge by Vehumet.
 11862 | D:8      | Reached ** piety under Vehumet
 11928 | D:8      | Noticed a two-headed ogre
 12586 | D:8      | Reached skill level 10 in Conjurations
 12590 | D:8      | Noticed Prince Ribbit
 12609 | D:8      | Killed Prince Ribbit
 12946 | D:8      | Killed a two-headed ogre
 13806 | D:9      | Noticed a two-headed ogre
 13830 | D:9      | Killed a two-headed ogre
 14115 | D:10     | Entered Level 10 of the Dungeon
 14748 | D:10     | Found a staircase to the Lair.
 14763 | D:10     | Noticed an oklob plant
 15151 | D:10     | Killed an oklob plant
 15152 | D:10     | Reached XP level 11. HP: 75/89 MP: 5/24
 15255 | Lair:1   | Entered Level 1 of the Lair of Beasts
 15504 | Lair:1   | Noticed a lindwurm
 15576 | Lair:1   | Killed a lindwurm
 15676 | Lair:1   | Reached skill level 5 in Earth Magic
 15893 | Lair:1   | Noticed a lindwurm
 15932 | Lair:1   | Killed a lindwurm
 15933 | Lair:1   | Reached skill level 11 in Conjurations
 16151 | Lair:1   | Noticed a six-headed hydra
 16176 | Lair:1   | Killed a six-headed hydra
 16209 | Lair:1   | Noticed a lindwurm
 17004 | Lair:1   | Killed a lindwurm
 17373 | Lair:1   | Reached skill level 10 in Spellcasting
 18167 | Lair:2   | Found a staircase to the Snake Pit.
 18305 | Lair:2   | Offered knowledge of Stone Arrow by Vehumet.
 18319 | Lair:1   | Learned a level 3 spell: Stone Arrow
 18696 | Lair:2   | Learned a level 5 spell: Lee's Rapid Deconstruction
 18740 | Lair:2   | Noticed a five-headed hydra
 18751 | Lair:2   | Killed a five-headed hydra
 19083 | Lair:2   | Reached XP level 12. HP: 96/100 MP: 11/26
 19445 | Lair:3   | Found a staircase to the Swamp.
 20198 | Lair:3   | Reached *** piety under Vehumet
 20790 | Lair:3   | Noticed a four-headed hydra
 20790 | Lair:3   | Noticed a boulder beetle
 21112 | Lair:2   | Reached skill level 12 in Conjurations
 21451 | Lair:3   | Killed a boulder beetle
 21646 | Lair:3   | Killed a four-headed hydra
 22044 | Lair:3   | Identified the +3 hand crossbow of the Genius {speed,
                  | Dex+2}
 22527 | Lair:3   | Reached skill level 1 in Throwing
 22590 | Lair:4   | Offered knowledge of Conjure Flame by Vehumet.
 22717 | Lair:4   | Reached skill level 1 in Hexes
 22813 | Lair:4   | Noticed a boulder beetle
 22822 | Lair:4   | Killed a boulder beetle
 22828 | Lair:4   | Noticed a seven-headed hydra
 22837 | Lair:4   | Killed a seven-headed hydra
 22841 | Lair:4   | Noticed Snorg
 23071 | Lair:4   | Noticed a six-headed hydra
 23076 | Lair:4   | Killed a six-headed hydra
 23262 | Lair:4   | Killed Snorg
 23320 | Lair:4   | Found a hide-covered altar of Uskayaw.
 23610 | Lair:4   | Noticed a five-headed hydra
 23672 | Lair:4   | Killed a five-headed hydra
 23951 | Lair:4   | Found the +3 pair of seven-league boots {Rampage+∞}
 24120 | Lair:5   | Noticed a five-headed hydra
 24125 | Lair:5   | Killed a five-headed hydra
 24126 | Lair:5   | Reached XP level 13. HP: 99/107 MP: 18/28
 24916 | Lair:6   | Entered Level 6 of the Lair of Beasts
 25129 | Lair:5   | Reached **** piety under Vehumet
 25473 | Lair:5   | HP: 1/107 [polar bear (8)]
 25473 | Lair:5   | Slain by a polar bear

Illustrated notes

Levels and vault maps discovered:
D:1:      amcnicky_arrival_double_pillar, layout_basic,
          shapermc_ecumenical_altar_totnotflames
D:2:      minmay_chambers_of_ones, layout_loops_corners, cheibrodos_gnoll_hut
D:3:      layout_basic
D:4:      cheibrodos_barr_body, layout_loops_ring
D:5:      layout_rooms, mainiacjoe_overflow_concentric_impassable,
          temple_statues, serial_shops, kennysheep_mini_moat, serial_aquarium,
          aquarium_bridge_square [aquarium_subvault_wall,
          aquarium_subvault_balcony, aquarium_subvault_bridge,
          aquarium_subvault_window], aquarium_window_3, aquarium_window_fake,
          aquarium_window_2, aquarium_window_fake, aquarium_view_2d,
          aquarium_pool_corner
D:6:      layout_basic, minmay_manual_mail
D:7:      layout_layer_cave, serial_shops, shop_statue, minmay_misc_feat_five
D:8:      layout_cave_pods, uniq_prince_ribbit1
D:9:      layout_rooms, minmay_misc_feat_x, item_on_display_a
D:10:     layout_loops_ring, dpeg_oklobed_lair, moated_statue
Temple:   compressed_dpeg_circular_temple
Lair:1:   layout_cave_pods, nicolae_lair_lindhole
Lair:2:   layout_gridlike, guppyfry_snake_entry_island,
          infiniplex_staircase_pool_2, serial_bayou_shore_a, grunt_megastairs_3
Lair:3:   lemuel_slime, layout_layer_cave, minmay_swamp_entry_reptiles,
          hangedman_lair_generics_rect, lemuel_fruit_fields
Lair:4:   layout_regular_city, basic_altar,
          hellmonk_guarded_unrand_seven_league_boots, uniq_snorg
Lair:5:   layout_loops_ring, minivault_26
Lair:6:   evilmike_catoblepas_cave, layout_concentric_octagons,
          minmay_slime_entry_oklob_enclosed, eino_house_with_fridge,
          infiniplex_staircase_pool

Skill      XL: |  1  2  3  4  5  6  7  8  9 10 11 12 13 |
---------------+----------------------------------------+-----
Conjurations   | 5 6 7 8 9 10 11 12 | 12.8
Dodging        | 2 3 4 5 6 7 8 |  8.7
Spellcasting   | 3 4 5 6 8 9 10 11 | 11.9
Fighting       | 1 3 5 7 8 |  8.0
Earth Magic    | 2 4 6 8 |  8.7
Throwing       | 1 |  1.0
Hexes          | 2 3 |  3.0
Stealth        | |  1.7

Action                   |  1- 3 |  4- 6 |  7- 9 | 10-12 | 13-15 || total
-------------------------+-------+-------+-------+-------+-------++-------
Melee: Whip              |     1 |    13 |     5 |    56 |       ||    75
       Staff             |       |     6 |       |       |    15 ||    21
       Tailslap          |       |       |       |     5 |     2 ||     7
       Punch             |       |       |       |     2 |       ||     2
Throw: Dart              |       |     1 |    14 |    23 |       ||    38
 Cast: Magic Dart        |    53 |    56 |    47 |     2 |       ||   158
       Searing Ray       |     5 |    28 |    58 |    96 |     3 ||   190
       Fulminant Prism   |       |       |     8 |    63 |     2 ||    73
       Iskenderun's Myst |       |       |       |     5 |       ||     5
       Stone Arrow       |       |       |       |    97 |    27 ||   124
 Abil: Breathe Noxious F |       |       |     6 |    15 |       ||    21
  Use: Potion            |       |     2 |       |       |       ||     2
       Scroll            |       |       |       |    14 |     4 ||    18
 Stab: Sleeping          |     1 |       |       |       |       ||     1
Armor: Skin              |     5 |    38 |    30 |   111 |    43 ||   227
Dodge: Dodged            |     5 |    54 |    67 |   202 |    70 ||   398
